 Dungeon Crawl Stone Soup version 0.28-a0-1212-gc6b4282bc0 (webtiles) character file.

Game seed: 14141560162329468485

510 Htamos the Chopper (level 6, 10/57 HPs)
             Began as a Minotaur Monk on Dec 21, 2021.
             Quit the game on level 6 of the Dungeon.
             The game lasted 00:05:53 (3436 turns).

Htamos the Chopper (Minotaur Monk)                  Turns: 3436, Time: 00:05:54

Health: 10/57      AC:  4    Str: 15      XL:     6   Next: 98%
Magic:  5/5        EV:  8    Int:  5 (7)  God:
Gold:   118        SH: 10    Dex: 14 (15) Spells: 5/5 levels left

rFire   . . .      SeeInvis .   f - +4 long sword (freeze)
rCold   . . .      Faith    .   l - +0 tower shield
rNeg    . . .      Spirit   .   o - +0 leather armour
rPois   .          Reflect  .   (helmet restricted)
rElec   .          Harm     .   (no cloak)
rCorr   .          Rampage  .   m - +0 pair of gloves
Will    .....                   (no boots)
Stlth   ++........              (no amulet)
HPRegen 0.19/turn               (no ring)
MPRegen 0.09/turn               (no ring)

@: no status effects
A: horns 2, retaliatory headbutt
a: no special abilities


You were on level 6 of the Dungeon.
You visited 1 branch of the dungeon, and saw 6 of its levels.

You collected 203 gold pieces.
You spent 85 gold pieces at shops.

Inventory:

Hand Weapons
 a - a +0 hand axe
 f - a +4 long sword of freezing (weapon)
Armour
 b - a +0 robe
 l - a +0 tower shield (worn)
 m - a +0 pair of gloves (worn)
 o - a +0 leather armour (worn)
Wands
 r - a wand of paralysis (4)
 s - a wand of polymorph (6)
Scrolls
 d - a scroll of torment
 e - 2 scrolls of vulnerability
 j - 2 scrolls of fear
 k - a scroll of immolation
 n - a scroll of identify {@rr}
Potions
 c - a potion of heal wounds


   Skills:
 + Level 5.6 Fighting
 * Level 7.2 Axes
 + Level 5.2 Dodging
 - Level 1.5 Stealth


You had 5 spell levels left.
You didn't know any spells.
Your spell library was empty.

Dungeon Overview and Level Annotations

Branches:
Dungeon (7/15)
 Temple: D:4-7

Altars:
Trog
Yredelemnul

Shops:
D:2 [

Portals:
Ossuary: D:7

Annotations:
D:3 exclusion: downstairs
D:6 Sigmund
D:7 Dowan, Duvessa


Innate Abilities, Weirdness & Mutations

You have a pair of horns on your head.
You reflexively headbutt those who attack you in melee.


Message History

The bullfrog closely misses you. You furiously retaliate!
You headbutt the bullfrog. You hit the bullfrog. You freeze the bullfrog.
The bullfrog is heavily wounded.
The bullfrog closely misses you. You block the bullfrog's attack. x2
You barely miss the bullfrog.
The bullfrog is moderately wounded.
The bullfrog hits you but does no damage.
The bullfrog hits you!
* * * LOW HITPOINT WARNING * * *
The bullfrog hits you!
* * * LOW HITPOINT WARNING * * *
Aiming: Paralyse
Press: ? - help, Shift-Dir - straight line, f - bullfrog
Aim: a bullfrog (moderately wounded, chance to affect: 46%)
The bullfrog resists with some effort.
You block the bullfrog's attack.
Unknown command.
Aiming: Paralyse
Press: ? - help, Shift-Dir - straight line, f/p - bullfrog
Aim: a bullfrog (moderately wounded, chance to affect: 46%)
Okay, then.
You block the bullfrog's attack.
Aiming: Paralyse
Press: ? - help, Shift-Dir - straight line, f/p - bullfrog
Aim: a bullfrog (moderately wounded, chance to affect: 46%)
The bullfrog suddenly stops moving!
An adder comes into view.
Found 28 sling bullets.
An ogre comes into view. It is wielding a +0 giant spiked club.
A white imp comes into view.
The ogre shouts!
An ogre comes into view. It is wielding a +0 giant spiked club.
A black bear comes into view.
The black bear growls angrily.
You hear a shout! x3
The black bear moves out of view.
An ogre comes into view. It is wielding a +0 giant club.
You block the adder's attack. You block the ogre's attack.
Okay, then.
Are you sure you want to abandon this character and quit the game? (Confirm with "yes".)

............# #.....
............# ##..###
............####(..# #
.............F@Z.###.#
...###.#######......#
#.# #..###.# #.###
#.... ###...### #....#
#@SO....# ..##...
#.O.#...#...#.. .!..
#...###(....###...
#### #.. .5.#.# #.
+.....+ # .#####. O .#


You could see 2 ogres, an adder and a white imp (wandering).

Vanquished Creatures
  A steam dragon (D:7)
  A centaur (D:7)
  4 wights (D:7)
  A hound (D:4)
  An iguana (D:3)
  A hound skeleton (D:4)
  An adder (D:3)
  An adder zombie (D:3)
  2 dart slugs
  3 orcs (D:3)
  3 bats
  10 endoplasms
  4 giant cockroaches
  7 goblins
  A hobgoblin (D:1)
  5 kobolds
  A quokka (D:2)
  2 ball pythons
  3 frilled lizards
  A quokka skeleton (D:4)
  7 rats
60 creatures vanquished.

Notes
Turn   | Place    | Note
-------+----------+-------------------------------------------
     0 | D:1      | Htamos the Minotaur Monk began the quest for the Orb.
     0 | D:1      | Reached XP level 1. HP: 19/19 MP: 0/0
   284 | D:1      | Found a faded altar of an unknown god.
   300 | D:1      | Reached skill level 4 in Axes
   300 | D:1      | Reached XP level 2. HP: 27/27 MP: 1/1
   891 | D:2      | Found a bloodstained altar of Trog.
   893 | D:2      | Reached XP level 3. HP: 33/33 MP: 2/2
  1019 | D:2      | Found Capi's Antique Armour Shop.
  1027 | D:2      | Bought a tower shield for 85 gold pieces
  2467 | D:3      | Reached XP level 4. HP: 40/40 MP: 3/3
  2836 | D:4      | Found a basalt altar of Yredelemnul.
  2853 | D:4      | Reached skill level 5 in Axes
  3012 | D:4      | Reached XP level 5. HP: 43/47 MP: 4/4
  3069 | D:4      | You fall into a shaft and drop 3 floors!
  3081 | D:7      | Reached skill level 5 in Fighting
  3081 | D:7      | Reached skill level 6 in Axes
  3081 | D:7      | Reached XP level 6. HP: 16/56 MP: 5/5
  3352 | D:7      | Noticed Duvessa
  3352 | D:7      | Noticed Dowan
  3359 | D:7      | Noticed a steam dragon
  3377 | D:7      | Killed a steam dragon
  3378 | D:7      | Reached skill level 5 in Dodging
  3381 | D:7      | Reached skill level 7 in Axes
  3403 | D:7      | Found a sand-covered staircase.
  3407 | D:6      | Noticed Sigmund
  3436 | D:6      | Quit the game

Illustrated notes

Levels and vault maps discovered:
D:1:      dpeg_arrival_tiny_g, layout_basic, ebering_ecumenical_altar_mist
D:2:      layout_loops_ring, serial_shops, nicolae_square_shop, basic_altar,
          hangedman_feature_mirror, minmay_misc_feat_tiny
D:3:      layout_loops_ring, nicolae_overflow_hidden_temple
D:4:      layout_rooms, overflow_temple_1_default, minmay_quantized
D:6:      layout_basic, minmay_temple_entry_junction, serial_bayou_pond_c,
          minmay_misc_feat_diagonals, grunt_decor_cap,
          minmay_fractal_squares_diagonal_5, uniq_sigmund
D:7:      layout_cave_pools, nicolae_ossuary_entry_monument, uniq_duvessa

Skill      XL: |  1  2  3  4  5  6 |
---------------+-------------------+-----
Axes           | 4 5 6 7 |  7.2
Fighting       | 4 5 |  5.6
Dodging        | 4 5 |  5.2
Stealth        | |  1.5

Action                   |  1- 3 |  4- 6 || total
-------------------------+-------+-------++-------
Melee: Hand axe          |    95 |    25 ||   120
       Headbutt          |    20 |     9 ||    29
       Long sword        |       |    14 ||    14
Evoke: Wand              |       |     3 ||     3
  Use: Scroll            |       |     8 ||     8
       Potion            |       |     5 ||     5
 Stab: Sleeping          |     5 |       ||     5
Armor: Robe              |    12 |       ||    12
       Leather armour    |     2 |    10 ||    12
       Skin              |       |    46 ||    46
Dodge: Dodged            |    32 |    21 ||    53
Block: Tower shield      |    37 |    56 ||    93

Table legend: (Time is in decaauts)
 A = Elapsed time spent in this place.
 B = Non-inter-level travel time spent in this place.
 C = Inter-level travel time spent in this place.
 D = Time resting spent in this place.
 E = Time spent auto-exploring this place.
 F = Levels seen in this place.
 G = Mean time per level.
                   A        B        C        D        E       F      G
               +--------+--------+--------+--------+--------+-----+--------+
         Total |   3499 |   3410 |     89 |    484 |   2299 |   6 |  583.2 |
       Dungeon |   3499 |   3410 |     89 |    484 |   2299 |   6 |  583.2 |
               +--------+--------+--------+--------+--------+-----+--------+

Top non-repeatable levels by time:
     D:3: 1041 daAuts
     D:2: 1036 daAuts
     D:1: 860 daAuts
     D:7: 348 daAuts
     D:4: 182 daAuts
     D:6: 30 daAuts
